 Dungeon Crawl Stone Soup version 0.26-a0-1038-gfb849e850a (webtiles) character file.

Game seed: 10674263025964024865

1736 Morbidden the Vandal (level 8, -2/57 HPs)
             Began as a Demonspawn Transmuter on Dec 11, 2020.
             Was an Initiate of Vehumet.
             Shot with a sling bullet by Joseph (20 damage)
             ... on level 8 of the Dungeon.
             The game lasted 00:15:58 (8113 turns).

Morbidden the Vandal (Demonspawn Transmuter)        Turns: 8113, Time: 00:15:58

Health: -2/57      AC:  2    Str: 11    XL:     8   Next: 76%
Magic:  1/23       EV: 21    Int: 21    God:    Vehumet [......]
Gold:   389        SH:  0    Dex: 18    Spells: 11/15 levels left

rFire    + . .     SeeInvis .     - Unarmed
rCold    . . .     Faith    .   (shield currently unavailable)
rNeg     . . .     Spirit   .   (armour currently unavailable)
rPois    x         Reflect  .   (helmet currently unavailable)
rElec    .         Harm     .   (cloak currently unavailable)
rCorr    .         Rampage  .   (gloves currently unavailable)
Will     .....                  (boots currently unavailable)
Stlth    ++........             (no amulet)
HPRegen  0.19/turn              C - ring of magical power
MPRegen  0.18/turn              B - ring of protection from fire

@: spider-form
A: tiny, demonic guardian 1, big brain 2
a: End Transformation, Renounce Religion


You were on level 8 of the Dungeon.
You worshipped Vehumet.
Vehumet was noncommittal.
You were a venomous arachnid creature.
You visited 2 branches of the dungeon, and saw 9 of its levels.

You collected 389 gold pieces.

Inventory:

Hand Weapons
 b - a +0 hunting sling (melded)
Missiles
 m - 44 sling bullets
 v - 9 poisoned darts
 y - a throwing net
Armour
 i - a +0 cloak (melded)
 q - quicksilver dragon scales (melded)
 z - a +0 pair of boots (melded)
Jewellery
 j - an uncursed ring of see invisible
 B - a ring of protection from fire (right front leg)
 C - a ring of magical power (left front leg)
 F - an uncursed ring of fire {unknown}
Wands
 p - a wand of acid (6) (quivered)
 t - a wand of paralysis (3)
 w - a wand of iceblast (8)
 x - a wand of flame (11)
Scrolls
 c - 6 scrolls of identify
 f - 3 scrolls of amnesia {unknown}
 g - 4 scrolls of remove curse {unknown}
 k - 7 scrolls of teleportation {unknown}
 l - 4 scrolls of enchant armour {unknown}
 s - a scroll of enchant weapon {unknown}
 u - 2 scrolls of fear {unknown}
 E - a scroll of magic mapping {unknown}
Potions
 a - a potion of resistance {unknown}
 d - a potion of invisibility {unknown}
 e - a potion of degeneration {unknown}
 h - a potion of might {unknown}
 n - a potion of heal wounds {unknown}
 o - 2 potions of brilliance {unknown}
 r - 5 potions of curing {unknown}
 A - a potion of flight {unknown}
 D - a potion of cancellation {unknown}


   Skills:
 + Level 2.6 Fighting
 + Level 4.9 Slings
 + Level 2.7 Armour
 + Level 3.1 Dodging
 + Level 1.1 Stealth
 * Level 4.4 Unarmed Combat
 * Level 4.3 Spellcasting
 * Level 4.0 Transmutations
 * Level 3.5 Poison Magic
 + Level 0.6 Evocations


You had 11 spell levels left.
You knew the following spells:

 Your Spells              Type           Power        Failure   Level
a - Beastly Appendage     Tmut           ###...       9%          1
b - Spider Form           Tmut/Pois      ###.......   21%         3

Your spell library contained the following spells:

 Spells                   Type           Power        Failure   Level
 Wereblood                Tmut           ###.....     11%         2
 Ice Form                 Ice/Tmut       ##......     67%         4
 Blade Hands              Tmut           ###.......   73%         5
 Cause Fear               Hex            #.........   89%         4
 Yara's Violent Unravell  Hex/Tmut       ##........   92%         5
 Silence                  Hex/Air        #.........   99%         5
 Discord                  Hex            #.........   100%        8


Dungeon Overview and Level Annotations

Branches:
Dungeon (8/15)             Temple (1/1) D:7
   Lair: D:8-11

Altars:
Elyvilon
Gozag
Nemelex Xobeh
Qazlal
Ru
Sif Muna
Vehumet
Xom
Zin
The Shining One

Shops:
D:7 *

Annotations:
D:3 1 runed translucent door
D:8 Joseph


Innate Abilities, Weirdness & Mutations

((You have a pair of antennae on your head.))
A weak demonic guardian rushes to your aid.
You have an extremely huge brain. (Int +4)


Message History

Joseph closely misses you.
Your shadow imp barely misses Joseph.
Unknown command.
You hit Joseph.
Joseph looks as sick as possible!
Joseph is severely wounded.
Joseph hits you with a +2 antimagic quarterstaff!
You feel your power leaking away.
Unknown command.
Your shadow imp hits Joseph.
Joseph hits your shadow imp with a +2 antimagic quarterstaff!
Your shadow imp's magic leaks into the air.
You see here a sling bullet.
Unknown command.
Your shadow imp hits Joseph.
Joseph hits your shadow imp with a +2 antimagic quarterstaff!
Your shadow imp dies!
Joseph shouts!
Joseph unwields a +2 antimagic quarterstaff.
Joseph wields a +0 hunting sling.
Joseph shoots a sling bullet.
The sling bullet hits you!!
You die...

##.....# .#.#.#.### #...#
...#.#...## ....#
.###.##...# ....#
.###.##...# ....#
.....##...# ....###
#.#####...# ....... #.#
#...##########@...##. ..#
##........s.((.......
##############..####.#####.
#.....# #...###.#
#.###.#######....#.#
#..............#.#..
#######.######.#.#.###
.........#.......#.#
......####.###.###.#
......# #.###.....#


You could see Joseph (extremely poisoned).

Vanquished Creatures
  Prince Ribbit (D:6)
  An orc warrior (D:7)
  An ogre (D:4)
  A centaur (D:8)
  A big kobold (D:7)
  A water moccasin zombie (D:6)
  A scorpion (D:8)
  6 wights (D:6)
  2 centaur zombies
  3 hounds
  A bullfrog skeleton (D:8)
  6 iguanas
  3 worker ants
  3 orc wizards
  A hound skeleton (D:5)
  A howler monkey zombie (D:5)
  5 adders
  A shadow imp (D:5)
  An ufetubus (D:8)
  A dart slug (D:1)
  4 leopard geckos
  12 orcs
  5 giant cockroaches
  12 goblins
  6 hobgoblins
  5 jackals
  7 kobolds
  4 quokkas
  2 ball pythons (D:3)
  5 bats
  8 frilled lizards
  A giant cockroach zombie (D:4)
  A jackal skeleton (D:4)
  A quokka zombie (D:6)
  7 rats
121 creatures vanquished.

Vanquished Creatures (collateral kills)
  An ice beast (D:5)
  A centaur (D:6)
  2 bullfrogs (D:6)
  A water moccasin zombie (D:5)
  A wight (D:6)
  A hound (D:6)
  An orc wizard (D:8)
  A leopard gecko zombie (D:6)
9 creatures vanquished.

Grand Total: 130 creatures vanquished

Notes
Turn   | Place    | Note
-------+----------+-------------------------------------------
     0 | D:1      | Morbidden the Demonspawn Transmuter began the quest for the
                  | Orb.
     0 | D:1      | Reached XP level 1. HP: 15/15 MP: 3/3
   463 | D:1      | Gained mutation: You have an unusually large brain. (Int
                  | +2) [demonic ancestry]
   463 | D:1      | Reached XP level 2. HP: 21/21 MP: 5/5
  1282 | D:2      | Found a glowing silver altar of Zin.
  1335 | D:2      | Lost mutation: You have a pair of horns on your head.
                  | [demonic ancestry]
  1335 | D:2      | Lost mutation: You have a pair of small horns on your head.
                  | [demonic ancestry]
  1335 | D:2      | Gained mutation: You have a pair of small antennae on your
                  | head. [demonic ancestry]
  1335 | D:2      | Reached XP level 3. HP: 24/26 MP: 4/6
  1700 | D:2      | Learned a level 3 spell: Spider Form
  2141 | D:3      | Found an opulent altar of Gozag.
  2183 | D:3      | Gained mutation: A weak demonic guardian rushes to your
                  | aid. [demonic ancestry]
  2183 | D:3      | Reached XP level 4. HP: 18/32 MP: 5/7
  2667 | D:3      | Found a white marble altar of Elyvilon.
  2667 | D:3      | Found a runed translucent door.
  2667 | D:3      | Noticed an angel
  3231 | D:4      | Reached skill level 1 in Armour
  3256 | D:4      | Noticed an ogre
  3284 | D:4      | Killed an ogre
  3285 | D:4      | Reached skill level 1 in Slings
  3285 | D:4      | Reached skill level 1 in Poison Magic
  3285 | D:4      | Reached XP level 5. HP: 29/37 MP: 9/9
  3800 | D:4      | Found a sparkling altar of Nemelex Xobeh.
  3904 | D:5      | Entered Level 5 of the Dungeon
  3920 | D:5      | Reached skill level 1 in Stealth
  3920 | D:5      | Gained mutation: You have a pair of antennae on your head.
                  | [demonic ancestry]
  3920 | D:5      | Reached XP level 6. HP: 43/43 MP: 10/10
  4528 | D:5      | Noticed an ice beast
  4538 | D:5      | Killed an ice beast
  4539 | D:5      | Gained mutation: You have an extremely huge brain. (Int +4)
                  | [demonic ancestry]
  4539 | D:5      | Reached XP level 7. HP: 48/48 MP: 12/12
  4770 | D:5      | Found a shimmering blue altar of Sif Muna.
  5186 | D:6      | Found a sparkling altar of Nemelex Xobeh.
  5440 | D:6      | Noticed Prince Ribbit
  5453 | D:6      | Killed Prince Ribbit
  5633 | D:6      | Reached XP level 8. HP: 56/56 MP: 13/13
  6317 | D:7      | Got a jewelled spear
  6318 | D:7      | Identified the +8 spear of Ukhiyf {pain, +Rage rPois Int-2}
                  | (You found it on level 7 of the Dungeon)
  6438 | D:7      | Found a radiant altar of Vehumet.
  6484 | D:7      | Found Utsaetui's General Store.
  6526 | D:7      | Became a worshipper of Vehumet
  6975 | D:7      | Found a staircase to the Ecumenical Temple.
  7199 | Temple   | Entered the Ecumenical Temple
  7783 | D:8      | Noticed Joseph
  8113 | D:8      | Shot with a sling bullet by Joseph

Illustrated notes

Levels and vault maps discovered:
D:1:      saegor_arrival_simple_a, layout_loops_ring, minivault_24
D:2:      layout_basic, overflow_temple_1_default
D:3:      layout_loops_ring, nicolae_gozag_seed_capital, lemuel_angel_altar
D:4:      layout_rooms, nemelex_diamond_rough_becter
D:5:      layout_loops_corners, lemuel_round_altar
D:6:      layout_cave_pods, basic_altar, uniq_prince_ribbit1
D:7:      layout_cave_pools, kennysheep_mini_moat, temple_green, serial_shops,
          shop, minmay_misc_feat_alley
D:8:      layout_basic, fountainhead, uniq_joseph
Temple:   eino_temple_rhombus

Skill      XL: |  1  2  3  4  5  6  7  8 |
---------------+-------------------------+-----
Unarmed Combat | 3 4 |  4.4
Transmutations | 2 3 4 |  4.0
Dodging        | 2 3 |  3.1
Armour         | 1 2 |  2.7
Slings         | 1 2 3 4 |  4.9
Spellcasting   | 3 4 |  4.3
Poison Magic   | 1 2 3 |  3.5
Stealth        | 1 |  1.1
Fighting       | 2 |  2.6
Evocations     | |  0.6

Action                   |  1- 3 |  4- 6 |  7- 9 || total
-------------------------+-------+-------+-------++-------
Melee: Unarmed           |   144 |    34 |    72 ||   250
       Kick              |    20 |     7 |     9 ||    36
       Headbutt          |     2 |       |       ||     2
 Fire: Hunting sling     |     5 |   108 |   202 ||   315
 Cast: Beastly Appendage |    26 |     7 |     4 ||    37
       Spider Form       |       |       |     6 ||     6
Evoke: Wand              |       |     4 |     6 ||    10
  Use: Scroll            |       |       |     2 ||     2
Armor: Robe              |     2 |       |       ||     2
       Leather armour    |    43 |    17 |       ||    60
       Quicksilver drago |       |    13 |    51 ||    64
       Skin              |       |       |     1 ||     1
Dodge: Dodged            |   119 |    42 |    87 ||   248

Table legend: (Time is in decaauts)
 A = Elapsed time spent in this place.
 B = Non-inter-level travel time spent in this place.
 C = Inter-level travel time spent in this place.
 D = Time resting spent in this place.
 E = Time spent auto-exploring this place.
 F = Levels seen in this place.
 G = Mean time per level.
                   A        B        C        D        E       F      G
               +--------+--------+--------+--------+--------+-----+--------+
         Total |   8106 |   7656 |    450 |    547 |   5581 |   9 |  900.7 |
       Dungeon |   8104 |   7654 |    450 |    547 |   5581 |   8 | 1013.0 |
        Temple |      1 |      1 |      0 |      0 |      0 |   1 |    1.0 |
               +--------+--------+--------+--------+--------+-----+--------+

Top non-repeatable levels by time:
     D:6: 1350 daAuts
     D:1: 1250 daAuts
     D:2: 1230 daAuts
     D:7: 1175 daAuts
     D:5: 1036 daAuts
     D:3: 727 daAuts
     D:4: 693 daAuts
     D:8: 640 daAuts
  Temple: 1 daAuts
